 Dungeon Crawl Stone Soup version 0.19-a0-32-gbfd796a (webtiles) character file.

44 Mefis the Magician (level 3, -1/19 HPs)
             Began as a Deep Elf Wizard on May 2, 2016.
             Slain by Grinder (5 damage)
             ... on level 3 of the Dungeon.
             The game lasted 00:04:26 (2009 turns).

Mefis the Magician (Deep Elf Wizard)                Turns: 2009, Time: 00:04:27

Health: -1/19      AC:  4    Str:  4    XL:     3   Next: 41%
Magic:  1/11       EV: 12    Int: 23    God:
Gold:   128        SH:  0    Dex: 13    Spells: 5 memorised, 1 level left

rFire  . . .     SeeInvis .     x - +0 dagger
rCold  + . .     Gourm    .     A - +0 leather armour
rNeg   . . .     Faith    .     (no shield)
rPois  .         Spirit   .     p - +0 helmet
rElec  .         Dismiss  .     (no cloak)
rCorr  .         Reflect  .     (no gloves)
SustAt .         Harm     .     (no boots)
MR     .....                    (no amulet)
Stlth  ++........               (no ring)
                                m - ring of protection from cold

@: very slightly contaminated, repel missiles, not resistant to hostile
enchantments, unstealthy
A: no striking features
a: no special abilities


You were on level 3 of the Dungeon.
You were not hungry.

You visited 1 branch of the dungeon, and saw 3 of its levels.

You collected 128 gold pieces.

Inventory:

Hand Weapons
 k - a +0 hunting sling
 x - a +0 dagger (weapon)
Missiles
 l - 10 poisoned needles
Armour
 a - a +0 robe
 b - a +0 hat
 p - a +0 helmet (worn)
 A - a +0 leather armour (worn)
Jewellery
 m - a ring of protection from cold (left hand)
 y - an uncursed ring of protection from magic {unknown}
Wands
 C - a wand of enslavement (9/24)
Scrolls
 e - a scroll of remove curse {unknown}
 g - 2 scrolls of identify {unknown}
 h - a scroll of enchant weapon {unknown}
 i - a scroll of noise {unknown}
 j - a scroll of blinking {unknown}
 t - a scroll of random uselessness {unknown}
 z - a scroll of recharging {unknown}
 D - a scroll of amnesia {unknown}
Potions
 f - a potion of magic {unknown}
 n - a potion of lignification {unknown}
 o - a potion of resistance {unknown}
 q - a potion of degeneration {unknown}
 r - 2 potions of cancellation {unknown}
 u - a potion of curing {unknown}
 v - a potion of brilliance {unknown}
 B - 2 potions of ambrosia {unknown}
 E - a potion of haste {unknown}
Books
 c - a book of Minor Magic

   Spells                             Type                      Level
   a - Magic Dart                     Conjuration                  1
   b - Blink                          Translocation                2
   c - Call Imp                       Summoning                    2
   d - Repel Missiles                 Charms/Air                   2
   e - Slow                           Hexes                        2
   f - Conjure Flame                  Conjuration/Fire             3
   g - Mephitic Cloud                 Conjuration/Poison/Air       3
Comestibles
 d - 2 bread rations
 s - 5 fruits


   Skills:
 * Level 0.0 Fighting
 * Level 0.1 Armour
 * Level 3.4 Dodging
 * Level 3.4 Stealth
 + Level 4.5 Spellcasting
 + Level 2.0 Conjurations
 - Level 1.1 Summonings
 - Level 1.1 Translocations


You had one spell level left.
You knew the following spells:

 Your Spells              Type           Power        Failure   Level  Hunger
a - Magic Dart            Conj           ##..         10%         1    None
b - Call Imp              Summ           ##......     21%         2    None
c - Blink                 Tloc           N/A          21%         2    None
d - Repel Missiles        Chrm/Air       #.....       28%         2    None
e - Mephitic Cloud        Conj/Pois/Air  #.......     45%         3    ##.....


Dungeon Overview and Level Annotations

Branches:
Dungeon (3/15)

Altars:
Zin

Annotations:
D:3 Grinder


Message History

Grinder hits you but does no damage.
Casting: Magic Dart
Confirm with . or Enter, or press ? or * to list all spells.
Aiming: Magic Dart
Press: ? - help, Shift-Dir - straight line, f/p - Grinder
Aim: Grinder (heavily wounded)
The magic dart hits Grinder.
Grinder is heavily wounded.
Grinder closely misses you.
Casting: Magic Dart
Confirm with . or Enter, or press ? or * to list all spells.
Aiming: Magic Dart
Press: ? - help, Shift-Dir - straight line, f/p - Grinder
Aim: Grinder (heavily wounded)
The magic dart hits Grinder.
Grinder is heavily wounded.
Grinder hits you!
* * * LOW HITPOINT WARNING * * *
You writhe in agony.
You die...

#. #. .# ##.###.# ....
.### #... ... ### #..##.#
# ##.## # #.....#
#.##...#### #.###.##.#
#.......##. #.....5@.#
#....... ####.#.###
##.####. ####.#.# #.# #.
#....#.. .# #.# #.
#.#######.# ##'## #.
#....#....# ##...####
####.#.##.# ##...).##
#.#.#..# ##.......##
.####......####.........#


You could see Grinder.

Vanquished Creatures
  2 adders (D:2)
  An ooze (D:1)
  3 bats
  5 goblins
  A hobgoblin (D:2)
  2 quokkas (D:2)
  2 giant newts
  4 kobolds
  2 rats
22 creatures vanquished.

Notes
Turn   | Place    | Note
--------------------------------------------------------------
     0 | D:1      | Mefis the Deep Elf Wizard began the quest for the Orb.
     0 | D:1      | Reached XP level 1. HP: 10/10 MP: 7/7
   379 | D:1      | Reached XP level 2. HP: 15/15 MP: 2/9
   383 | D:1      | Learned a level 2 spell: Call Imp
   386 | D:1      | Learned a level 2 spell: Blink
   389 | D:1      | Learned a level 2 spell: Repel Missiles
  1132 | D:2      | Reached XP level 3. HP: 19/19 MP: 8/10
  1137 | D:2      | Learned a level 3 spell: Mephitic Cloud
  1592 | D:3      | Found a glowing silver altar of Zin.
  1987 | D:3      | Noticed Grinder
  1992 | D:3      | Paralysed by Grinder for 7 turns
  2009 | D:3      | Slain by Grinder

Vault maps used:
D:1:      moated_graveyard_arrival
D:3:      minitemple, lemuel_coloured_pillars_altar, uniq_grinder

Skill      XL: |  1  2  3 |
---------------+----------+-----
Dodging        | 3 |  3.4
Stealth        | 3 |  3.4
Conjurations   | 2 |  2.0
Armour         | |  0.1
Spellcasting   | |  4.5
Summonings     | |  1.1
Translocations | |  1.1

Action                   || total
-------------------------++-------
Melee: Dagger            ||     2
 Cast: Magic Dart        ||    65
       Repel Missiles    ||     1
  Eat: Meat ration       ||     1
       Chunk             ||     1
Armor: Robe              ||     5
       Leather armour    ||     4
Dodge: Dodged            ||    16
